[ AOE2 MATCH · #478251838 ]
UnrankedSpanish vs Teutons
[ REPLAY ANALYSIS · EXTRACTED FROM THE RECORDED GAME ]
Feudal
11:24
Castle
15:01
Imperial
—
| APM avg | 34.7 |
| APM peak | 73 |
| eAPM avg | 13.8 |
| Villagers / military | 38 / 1 |
Focus
⚔️ 12.2% · 🌾 87.8%
Conquistador ×1
Feudal
10:46
Castle
15:11
Imperial
—
| APM avg | 28.7 |
| APM peak | 65 |
| eAPM avg | 10.8 |
| Villagers / military | 49 / 0 |
Focus
⚔️ 1.2% · 🌾 98.8%
Feudal
—
Castle
—
Imperial
—
| APM avg | 24.9 |
| APM peak | 49 |
| eAPM avg | 11.5 |
| Villagers / military | 47 / 0 |
Focus
⚔️ 15.5% · 🌾 84.5%
Feudal
—
Castle
—
Imperial
—
| APM avg | 24.9 |
| APM peak | 53 |
| eAPM avg | 11.4 |
| Villagers / military | 30 / 2 |
Focus
⚔️ 14.2% · 🌾 85.8%
Monk ×2
Feudal
10:43
Castle
14:13
Imperial
—
| APM avg | 33.3 |
| APM peak | 60 |
| eAPM avg | 15.3 |
| Villagers / military | 45 / 0 |
Focus
⚔️ 12.5% · 🌾 87.5%
Feudal
8:33
Castle
14:33
Imperial
—
| APM avg | 51.1 |
| APM peak | 116 |
| eAPM avg | 25.6 |
| Villagers / military | 35 / 2 |
Focus
⚔️ 40.4% · 🌾 59.6%
Monk ×2
Feudal
14:07
Castle
—
Imperial
—
| APM avg | 34.9 |
| APM peak | 81 |
| eAPM avg | 10.3 |
| Villagers / military | 42 / 0 |
Focus
⚔️ 10.6% · 🌾 89.4%
Feudal
—
Castle
—
Imperial
—
| APM avg | 21.0 |
| APM peak | 47 |
| eAPM avg | 11.2 |
| Villagers / military | 42 / 0 |
Focus
⚔️ 24.7% · 🌾 75.3%
Match map
Initial resources + every placement click. Lines = walls · curves = elevation contours. ◆ gold · ⬟ stone · ● berries · ✦ relic · ◌ wall gap
Your base· ✓ Closed at 15:01 · 0t walls · 2 gate(s)
TheDangerous's base· ✓ Closed at 15:11 · 0t walls · 2 gate(s)
FML RedPheonix's base· ✓ Closed at 12:17 · 0t walls · 2 gate(s)
thaebS's base· ✓ Closed at 11:33 · 0t walls · 2 gate(s)
mama_adisona's base· ✓ Closed at 14:13 · 0t walls · 2 gate(s)
Avy Boy ♡'s base· ✓ Closed at 14:33 · 0t walls · 2 gate(s)
goi1337's base· ✓ Closed at 15:10 · 0t walls · 2 gate(s)
流浪帝国's base· ✓ Closed at 12:00 · 0t walls · 2 gate(s)
Smoothed initial terrain · ◌ = detected wall gap · hover for details
Inputs per minute
— leozizu - - TheDangerous
Build order — leozizu
62 actions detected in the replay
| 0:04 | Build | House |
| 0:05 | Build | House |
| 0:07 | Build | House |
| 0:08 | Build | House |
| 0:11 | Create | Villager (Male) ×4 |
| 1:30 | Create | Villager (Male) |
| 1:30 | Create | Villager (Male) |
| 2:19 | Create | Villager (Male) |
| 2:19 | Create | Villager (Male) |
| 2:21 | Build | Lumber Camp |
| 2:35 | Create | Villager (Male) |
| 3:06 | Create | Villager (Male) |
| 3:07 | Create | Villager (Male) |
| 3:26 | Create | Villager (Male) |
| 4:00 | Create | Villager (Male) |
| 4:01 | Create | Villager (Male) |
| 4:07 | Create | Villager (Male) |
| 4:07 | Create | Villager (Male) |
| 4:55 | Create | Villager (Male) |
| 4:58 | Create | Villager (Male) |
| 4:58 | Create | Villager (Male) |
| 5:24 | Create | Villager (Male) |
| 5:45 | Create | Villager (Male) |
| 5:46 | Create | Villager (Male) |
| 5:59 | Create | Villager (Male) |
| 6:21 | Create | Villager (Male) |
| 6:21 | Create | Villager (Male) |
| 6:37 | Create | Villager (Male) |
| 6:58 | Create | Villager (Male) |
| 6:58 | Create | Villager (Male) |
| 7:10 | Create | Villager (Male) |
| 7:46 | Build | Mill |
| 7:55 | Create | Villager (Male) |
| 7:59 | Build | Mining Camp |
| 9:14 | Research | Feudal Age |
| 9:45 | Build | House |
| 11:12 | Research | Loom |
| 11:24 | Age | Feudal Age |
| 11:27 | Build | Market |
| 11:37 | Build | Blacksmith |
| 11:44 | Create | Villager (Male) |
| 11:48 | Build | Mining Camp |
| 12:21 | Research | Castle Age |
| 13:26 | Research | Double-Bit Axe |
| 13:34 | Build | Farm |
| 14:02 | Build | Farm |
| 14:05 | Build | Farm |
| 14:16 | Build | Farm |
| 14:44 | Create | Villager (Male) |
| 15:01 | Age | Castle Age |
| 15:06 | Build | Farm |
| 15:15 | Create | Villager (Male) |
| 15:34 | Build | Castle |
| 15:45 | Build | Farm |
| 15:49 | Build | Farm |
| 16:04 | Build | House |
| 16:49 | Create | Villager (Male) |
| 16:49 | Create | Villager (Male) ×2 |
| 17:04 | Build | Mining Camp |
| 17:26 | Create | Conquistador |
| 17:32 | Create | Villager (Male) |
| 17:33 | Create | Villager (Male) |
Build order — TheDangerous
87 actions detected in the replay
| 0:02 | Build | House |
| 0:04 | Build | House |
| 0:04 | Create | Villager (Male) |
| 0:04 | Create | Villager (Male) |
| 0:05 | Create | Villager (Male) |
| 0:05 | Create | Villager (Male) |
| 0:05 | Create | Villager (Male) |
| 1:15 | Create | Villager (Male) |
| 1:15 | Create | Villager (Male) |
| 2:03 | Build | Lumber Camp |
| 2:07 | Create | Villager (Male) |
| 2:08 | Create | Villager (Male) |
| 2:08 | Create | Villager (Male) |
| 2:08 | Create | Villager (Male) |
| 2:41 | Create | Villager (Male) |
| 2:42 | Create | Villager (Male) |
| 2:42 | Create | Villager (Male) |
| 3:01 | Create | Villager (Male) |
| 3:43 | Build | House |
| 4:16 | Create | Villager (Male) |
| 4:16 | Create | Villager (Male) |
| 4:17 | Create | Villager (Male) |
| 4:17 | Create | Villager (Male) |
| 4:17 | Create | Villager (Male) |
| 5:31 | Create | Villager (Male) |
| 5:31 | Create | Villager (Male) |
| 5:32 | Create | Villager (Male) |
| 5:32 | Create | Villager (Male) |
| 6:07 | Build | House |
| 6:11 | Create | Villager (Male) |
| 6:28 | Build | Mill |
| 6:33 | Create | Villager (Male) |
| 7:03 | Create | Villager (Male) |
| 7:44 | Create | Villager (Male) |
| 7:54 | Create | Villager (Male) |
| 8:12 | Build | Mining Camp |
| 8:36 | Research | Feudal Age |
| 8:36 | Research | Feudal Age |
| 8:59 | Build | House |
| 9:15 | Build | Farm |
| 9:19 | Build | Farm |
| 9:23 | Build | Farm |
| 10:07 | Create | Villager (Male) |
| 10:07 | Create | Villager (Male) |
| 10:46 | Age | Feudal Age |
| 10:49 | Build | Blacksmith |
| 10:58 | Build | Market |
| 11:19 | Build | Mining Camp |
| 11:35 | Build | Farm |
| 11:41 | Create | Villager (Male) |
| 12:31 | Research | Castle Age |
| 12:32 | Research | Castle Age |
| 13:24 | Research | Double-Bit Axe |
| 13:24 | Research | Double-Bit Axe |
| 13:58 | Research | Horse Collar |
| 13:58 | Research | Horse Collar |
| 13:58 | Research | Horse Collar |
| 14:08 | Build | Farm |
| 14:40 | Create | Villager (Male) |
| 15:11 | Age | Castle Age |
| 15:13 | Build | Town Center |
| 15:30 | Build | Town Center |
| 15:39 | Create | Villager (Male) |
| 15:40 | Build | Farm |
| 15:44 | Research | Bow Saw |
| 16:17 | Build | Farm |
| 16:21 | Create | Villager (Male) |
| 16:27 | Create | Villager (Male) |
| 16:31 | Build | Farm |
| 16:35 | Build | Farm |
| 16:36 | Create | Villager (Male) |
| 16:36 | Create | Villager (Male) |
| 16:37 | Create | Villager (Male) |
| 16:50 | Create | Villager (Male) |
| 16:50 | Create | Villager (Male) |
| 16:50 | Create | Villager (Male) |
| 16:55 | Build | Farm |
| 17:23 | Build | Farm |
| 17:24 | Create | Villager (Male) |
| 17:24 | Create | Villager (Male) |
| 17:24 | Create | Villager (Male) |
| 17:40 | Create | Villager (Male) |
| 17:40 | Create | Villager (Male) |
| 17:40 | Create | Villager (Male) |
| 17:41 | Create | Villager (Male) |
| 17:47 | Build | Farm |
| 17:47 | Build | Farm |
Build order — FML RedPheonix
76 actions detected in the replay
| 0:01 | Create | Villager (Male) |
| 0:01 | Create | Villager (Male) |
| 0:02 | Create | Villager (Male) |
| 0:02 | Create | Villager (Male) |
| 0:03 | Build | House |
| 0:04 | Build | House |
| 1:31 | Create | Villager (Male) |
| 1:53 | Build | Lumber Camp |
| 2:02 | Create | Villager (Male) |
| 2:21 | Create | Villager (Male) |
| 2:22 | Create | Villager (Male) |
| 2:49 | Create | Villager (Male) |
| 3:20 | Create | Villager (Male) |
| 3:20 | Create | Villager (Male) |
| 3:45 | Create | Villager (Male) |
| 3:45 | Create | Villager (Male) |
| 3:45 | Create | Villager (Male) |
| 3:50 | Build | House |
| 4:26 | Build | Mining Camp |
| 4:31 | Create | Villager (Male) |
| 4:32 | Create | Villager (Male) |
| 5:27 | Create | Villager (Male) |
| 5:27 | Create | Villager (Male) |
| 5:27 | Create | Villager (Male) |
| 5:32 | Build | Mill |
| 5:36 | Build | House |
| 6:05 | Create | Villager (Male) |
| 6:05 | Create | Villager (Male) |
| 6:22 | Create | Villager (Male) |
| 6:22 | Create | Villager (Male) |
| 6:43 | Create | Villager (Male) |
| 6:54 | Create | Villager (Male) |
| 6:55 | Create | Villager (Male) |
| 7:44 | Build | Farm |
| 7:46 | Build | Farm |
| 7:57 | Build | Farm |
| 8:02 | Build | Farm |
| 8:42 | Research | Feudal Age |
| 8:54 | Build | House |
| 9:20 | Create | Villager (Male) |
| 9:20 | Create | Villager (Male) |
| 9:22 | Create | Villager (Male) |
| 11:02 | Build | Blacksmith |
| 11:10 | Build | Market |
| 12:17 | Research | Castle Age |
| 12:20 | Research | Double-Bit Axe |
| 12:34 | Build | House |
| 12:45 | Build | Farm |
| 12:51 | Research | Horse Collar |
| 13:10 | Build | Farm |
| 13:16 | Build | Farm |
| 13:18 | Build | Farm |
| 13:21 | Build | Farm |
| 14:31 | Research | Wheelbarrow |
| 14:51 | Create | Villager (Male) |
| 14:59 | Build | Town Center |
| 15:06 | Build | Town Center |
| 15:11 | Research | Bow Saw |
| 15:31 | Create | Villager (Male) |
| 15:31 | Create | Villager (Male) |
| 15:32 | Create | Villager (Male) |
| 15:53 | Create | Villager (Male) |
| 15:54 | Create | Villager (Male) |
| 15:54 | Create | Villager (Male) |
| 15:59 | Create | Villager (Male) |
| 15:59 | Create | Villager (Male) |
| 16:18 | Create | Villager (Male) |
| 16:19 | Create | Villager (Male) |
| 16:24 | Create | Villager (Male) |
| 16:24 | Create | Villager (Male) |
| 16:24 | Create | Villager (Male) |
| 16:25 | Create | Villager (Male) |
| 16:25 | Create | Villager (Male) |
| 16:46 | Create | Villager (Male) |
| 16:46 | Create | Villager (Male) |
| 17:04 | Build | Farm |
Build order — thaebS
58 actions detected in the replay
| 0:04 | Create | Villager (Male) ×4 |
| 0:09 | Build | House |
| 0:15 | Build | House |
| 1:47 | Create | Villager (Male) |
| 1:47 | Create | Villager (Male) |
| 2:11 | Create | Villager (Male) |
| 2:18 | Build | Lumber Camp |
| 2:31 | Create | Villager (Male) |
| 2:31 | Create | Villager (Male) |
| 2:43 | Create | Villager (Male) |
| 3:21 | Build | House |
| 3:23 | Build | House |
| 3:25 | Build | House |
| 3:37 | Create | Villager (Male) |
| 3:37 | Create | Villager (Male) |
| 3:38 | Create | Villager (Male) |
| 4:21 | Build | House |
| 4:26 | Create | Villager (Male) |
| 4:26 | Create | Villager (Male) |
| 4:58 | Create | Villager (Male) |
| 4:58 | Create | Villager (Male) |
| 5:02 | Build | Mill |
| 6:02 | Create | Villager (Male) |
| 6:12 | Build | Mining Camp |
| 6:19 | Create | Villager (Male) |
| 6:47 | Create | Villager (Male) |
| 7:23 | Create | Villager (Male) |
| 7:23 | Create | Villager (Male) |
| 8:14 | Research | Feudal Age |
| 10:32 | Create | Villager (Male) |
| 10:32 | Create | Villager (Male) |
| 10:43 | Build | Market |
| 10:47 | Build | Blacksmith |
| 11:15 | Build | House |
| 11:16 | Build | House |
| 11:33 | Research | Castle Age |
| 11:48 | Research | Double-Bit Axe |
| 12:07 | Research | Horse Collar |
| 12:11 | Build | Farm |
| 13:10 | Build | Farm |
| 13:13 | Build | Farm |
| 13:59 | Create | Villager (Male) |
| 14:17 | Build | Monastery |
| 14:22 | Build | Town Center |
| 14:26 | Create | Villager (Male) |
| 14:34 | Build | Town Center |
| 14:41 | Build | Farm |
| 14:53 | Build | Farm |
| 14:57 | Create | Villager (Male) |
| 15:00 | Create | Monk |
| 15:13 | Build | Farm |
| 15:17 | Build | Farm |
| 15:28 | Build | Farm |
| 15:31 | Create | Villager (Male) |
| 15:43 | Build | Farm |
| 15:45 | Create | Villager (Male) |
| 15:54 | Create | Monk |
| 15:57 | Create | Villager (Male) |
Build order — mama_adisona
91 actions detected in the replay
| 0:01 | Create | Villager (Male) ×4 |
| 0:01 | Create | Villager (Male) ×4 |
| 0:03 | Build | House |
| 0:04 | Build | House |
| 1:38 | Create | Villager (Male) |
| 2:00 | Create | Villager (Male) |
| 2:00 | Create | Villager (Male) |
| 2:49 | Create | Villager (Male) |
| 2:50 | Create | Villager (Male) |
| 3:25 | Create | Villager (Male) |
| 3:32 | Build | Mill |
| 3:41 | Build | Lumber Camp |
| 3:45 | Build | House |
| 4:18 | Create | Villager (Male) |
| 4:19 | Create | Villager (Male) |
| 4:19 | Create | Villager (Male) |
| 4:37 | Create | Villager (Male) |
| 5:27 | Create | Villager (Male) |
| 5:50 | Build | House |
| 6:03 | Create | Villager (Male) |
| 6:03 | Create | Villager (Male) |
| 6:03 | Create | Villager (Male) |
| 6:04 | Create | Villager (Male) |
| 6:04 | Create | Villager (Male) |
| 6:04 | Create | Villager (Male) |
| 6:30 | Create | Villager (Male) |
| 7:40 | Create | Villager (Male) |
| 8:15 | Research | Feudal Age |
| 8:59 | Build | Farm |
| 9:03 | Build | Farm |
| 9:05 | Build | Farm |
| 9:14 | Create | Villager (Male) |
| 9:15 | Create | Villager (Male) |
| 9:24 | Build | Farm |
| 10:07 | Build | Farm |
| 10:43 | Age | Feudal Age |
| 10:45 | Build | Market |
| 10:47 | Build | Blacksmith |
| 11:29 | Research | Castle Age |
| 12:07 | Research | Double-Bit Axe |
| 12:14 | Build | House |
| 12:15 | Build | House |
| 12:17 | Build | House |
| 12:25 | Research | Horse Collar |
| 12:47 | Research | Wheelbarrow |
| 14:01 | Build | House |
| 14:13 | Age | Castle Age |
| 14:14 | Build | Town Center |
| 14:19 | Build | Town Center |
| 14:58 | Create | Villager (Male) |
| 14:59 | Create | Villager (Male) |
| 15:19 | Build | Mining Camp |
| 15:38 | Research | Bow Saw |
| 15:40 | Create | Villager (Male) |
| 15:40 | Create | Villager (Male) |
| 15:44 | Create | Villager (Male) |
| 15:45 | Create | Villager (Male) |
| 15:52 | Build | Farm |
| 16:02 | Build | Farm |
| 16:08 | Create | Villager (Male) |
| 16:09 | Create | Villager (Male) |
| 16:24 | Build | Mill |
| 16:29 | Create | Villager (Male) |
| 16:29 | Create | Villager (Male) |
| 16:30 | Create | Villager (Male) |
| 16:51 | Create | Villager (Male) |
| 16:55 | Build | Mill |
| 16:56 | Build | Farm |
| 16:57 | Build | Farm |
| 16:57 | Build | Farm |
| 16:57 | Build | Farm |
| 17:07 | Create | Villager (Male) |
| 17:10 | Build | Farm |
| 17:10 | Build | Farm |
| 17:10 | Build | Farm |
| 17:11 | Build | Farm |
| 17:11 | Build | Farm |
| 17:11 | Build | Farm |
| 17:27 | Create | Villager (Male) |
| 17:30 | Build | Farm |
| 17:30 | Build | Farm |
| 17:31 | Build | Farm |
| 17:31 | Build | Farm |
| 17:38 | Build | Farm |
| 17:38 | Build | Farm |
| 17:38 | Build | Farm |
| 17:38 | Build | Farm |
| 17:39 | Build | Farm |
| 17:44 | Create | Villager (Male) |
| 17:45 | Create | Villager (Male) |
| 17:47 | Build | Farm |
Build order — Avy Boy ♡
71 actions detected in the replay
| 0:01 | Create | Villager (Male) |
| 0:01 | Create | Villager (Male) |
| 0:03 | Build | House |
| 0:05 | Build | House |
| 0:20 | Create | Villager (Male) |
| 0:21 | Create | Villager (Male) |
| 0:21 | Create | Villager (Male) |
| 1:25 | Create | Villager (Male) |
| 1:46 | Build | Lumber Camp |
| 1:59 | Create | Villager (Male) |
| 2:00 | Create | Villager (Male) |
| 2:23 | Create | Villager (Male) |
| 2:23 | Create | Villager (Male) |
| 2:52 | Create | Villager (Male) |
| 2:52 | Create | Villager (Male) |
| 3:10 | Create | Villager (Male) |
| 3:11 | Create | Villager (Male) |
| 3:33 | Create | Villager (Male) |
| 3:35 | Create | Villager (Male) |
| 3:55 | Build | House |
| 4:06 | Create | Villager (Male) |
| 4:06 | Create | Villager (Male) |
| 4:45 | Create | Villager (Male) |
| 4:54 | Build | Mill |
| 5:04 | Create | Villager (Male) |
| 5:05 | Create | Villager (Male) |
| 5:16 | Create | Villager (Male) |
| 6:23 | Research | Feudal Age |
| 6:23 | Research | Feudal Age |
| 7:46 | Build | House |
| 8:02 | Create | Villager (Male) |
| 8:27 | Build | Mining Camp |
| 8:33 | Age | Feudal Age |
| 8:35 | Create | Villager (Male) |
| 8:48 | Create | Villager (Male) |
| 8:53 | Build | Market |
| 9:04 | Build | Farm |
| 9:25 | Create | Villager (Male) |
| 9:30 | Build | Farm |
| 10:02 | Create | Villager (Male) |
| 10:10 | Build | House |
| 10:23 | Create | Villager (Male) |
| 10:43 | Build | Blacksmith |
| 11:03 | Create | Villager (Male) |
| 11:12 | Build | Farm |
| 11:26 | Create | Villager (Male) |
| 11:30 | Build | Farm |
| 11:50 | Research | Castle Age |
| 12:02 | Build | Farm |
| 12:19 | Research | Horse Collar |
| 12:20 | Research | Horse Collar |
| 13:53 | Create | Villager (Male) |
| 13:56 | Build | Farm |
| 13:57 | Build | Farm |
| 13:59 | Build | Farm |
| 14:33 | Age | Castle Age |
| 14:35 | Build | Monastery |
| 14:38 | Build | Town Center |
| 14:42 | Create | Villager (Male) |
| 14:51 | Build | House |
| 14:53 | Build | House |
| 15:18 | Create | Monk |
| 15:30 | Research | Loom |
| 15:30 | Research | Loom |
| 16:21 | Create | Villager (Male) |
| 17:20 | Research | Wheelbarrow |
| 17:20 | Research | Wheelbarrow |
| 17:21 | Create | Villager (Male) |
| 17:33 | Create | Monk |
| 17:42 | Build | Town Center |
| 17:45 | Create | Villager (Male) |
Build order — goi1337
72 actions detected in the replay
| 0:02 | Create | Villager (Male) |
| 0:02 | Create | Villager (Male) |
| 0:02 | Create | Villager (Male) |
| 0:03 | Create | Villager (Male) |
| 0:03 | Create | Villager (Male) |
| 0:03 | Create | Villager (Male) |
| 0:05 | Build | House |
| 0:06 | Build | House |
| 1:25 | Create | Villager (Male) |
| 1:53 | Build | Lumber Camp |
| 2:11 | Create | Villager (Male) |
| 2:11 | Create | Villager (Male) |
| 2:22 | Create | Villager (Male) |
| 2:23 | Create | Villager (Male) |
| 2:58 | Create | Villager (Male) |
| 2:59 | Create | Villager (Male) |
| 3:09 | Create | Villager (Male) |
| 3:52 | Create | Villager (Male) |
| 3:52 | Create | Villager (Male) |
| 3:57 | Build | House |
| 4:17 | Create | Villager (Male) |
| 4:17 | Create | Villager (Male) |
| 4:40 | Build | House |
| 4:41 | Create | Villager (Male) |
| 4:48 | Build | Mill |
| 5:17 | Create | Villager (Male) |
| 5:17 | Create | Villager (Male) |
| 5:17 | Create | Villager (Male) |
| 5:17 | Create | Villager (Male) |
| 5:18 | Create | Villager (Male) |
| 5:18 | Create | Villager (Male) |
| 5:19 | Create | Villager (Male) |
| 6:19 | Create | Villager (Male) |
| 6:57 | Create | Villager (Male) |
| 6:57 | Create | Villager (Male) |
| 7:13 | Create | Villager (Male) |
| 7:28 | Create | Villager (Male) |
| 7:37 | Create | Villager (Male) |
| 7:37 | Create | Villager (Male) |
| 7:39 | Create | Villager (Male) |
| 7:39 | Create | Villager (Male) |
| 7:40 | Create | Villager (Male) |
| 7:50 | Build | House |
| 7:54 | Build | House |
| 7:56 | Build | House |
| 8:07 | Build | Lumber Camp |
| 8:08 | Create | Villager (Male) |
| 8:08 | Create | Villager (Male) |
| 9:11 | Create | Villager (Male) |
| 9:13 | Create | Villager (Male) |
| 9:20 | Build | Mining Camp |
| 10:41 | Build | Farm |
| 10:42 | Build | Farm |
| 10:44 | Build | Farm |
| 11:07 | Build | Farm |
| 11:11 | Research | Feudal Age |
| 12:04 | Build | Farm |
| 12:11 | Build | Farm |
| 12:16 | Build | Farm |
| 12:19 | Build | Farm |
| 12:21 | Build | Farm |
| 12:24 | Create | Villager (Male) |
| 12:24 | Create | Villager (Male) |
| 13:00 | Build | Farm |
| 13:38 | Build | Mining Camp |
| 14:07 | Age | Feudal Age |
| 14:10 | Build | Market |
| 14:15 | Build | Blacksmith |
| 14:36 | Build | Farm |
| 15:01 | Build | Farm |
| 15:10 | Research | Castle Age |
| 17:13 | Build | Mining Camp |
Build order — 流浪帝国
52 actions detected in the replay
| 5:10 | Build | House |
| 5:11 | Build | House |
| 5:12 | Create | Villager (Male) |
| 5:12 | Create | Villager (Male) |
| 5:12 | Create | Villager (Male) |
| 5:12 | Create | Villager (Male) |
| 5:12 | Create | Villager (Male) |
| 5:13 | Create | Villager (Male) |
| 6:08 | Research | Loom |
| 6:43 | Create | Villager (Male) |
| 6:43 | Create | Villager (Male) |
| 6:43 | Create | Villager (Male) |
| 7:05 | Create | Villager (Male) |
| 7:12 | Build | Lumber Camp |
| 7:43 | Create | Villager (Male) |
| 7:43 | Create | Villager (Male) |
| 8:32 | Create | Villager (Male) |
| 8:32 | Create | Villager (Male) |
| 8:32 | Create | Villager (Male) |
| 8:32 | Create | Villager (Male) |
| 8:50 | Create | Villager (Male) |
| 8:50 | Create | Villager (Male) |
| 9:02 | Build | Mill |
| 9:19 | Create | Villager (Male) |
| 9:33 | Build | House |
| 9:59 | Create | Villager (Male) |
| 10:00 | Create | Villager (Male) |
| 10:15 | Create | Villager (Male) |
| 10:15 | Create | Villager (Male) |
| 10:31 | Build | House |
| 10:35 | Create | Villager (Male) |
| 10:35 | Create | Villager (Male) |
| 10:36 | Create | Villager (Male) |
| 10:36 | Create | Villager (Male) |
| 11:19 | Create | Villager (Male) |
| 11:19 | Create | Villager (Male) |
| 11:34 | Create | Villager (Male) |
| 11:34 | Create | Villager (Male) |
| 11:34 | Create | Villager (Male) |
| 11:44 | Build | Farm |
| 11:55 | Create | Villager (Male) |
| 11:55 | Create | Villager (Male) |
| 12:05 | Create | Villager (Male) |
| 12:06 | Create | Villager (Male) |
| 12:06 | Create | Villager (Male) |
| 13:05 | Create | Villager (Male) |
| 13:05 | Create | Villager (Male) |
| 13:05 | Create | Villager (Male) |
| 14:21 | Research | Feudal Age |
| 14:37 | Create | Villager (Male) |
| 14:37 | Create | Villager (Male) |
| 14:43 | Build | House |
Match timeline
| 8:33 | Avy Boy ♡ · age_up feudal |
| 10:43 | mama_adisona · age_up feudal |
| 10:46 | TheDangerous · age_up feudal |
| 11:24 | leozizu · age_up feudal |
| 12:13 | FML RedPheonix · first_market_sell 100 wood |
| 12:14 | FML RedPheonix · first_market_buy 100 food |
| 14:07 | goi1337 · age_up feudal |
| 14:13 | mama_adisona · age_up castle |
| 14:17 | thaebS · first_building Monastery |
| 14:33 | Avy Boy ♡ · age_up castle |
| 14:35 | Avy Boy ♡ · first_building Monastery |
| 15:01 | leozizu · age_up castle |
| 15:11 | TheDangerous · age_up castle |
| 15:34 | leozizu · first_building Castle |
| 15:57 | 流浪帝国 · resign |
[ AI ANALYSIS · 1 CREDIT ]
What really happened in this match?
Wolo.gg analyzes every decision: build order, eco, micro, common mistakes by bracket. Personalized analysis on WhatsApp or Discord in 30 seconds.
Civ guide
Spanish
Perfil
Jugador #20497321